 Dungeon Crawl Stone Soup version 0.31.0-9-g3a7656b989 (webtiles) character file.

Game seed: 8926144664347096308

193 qw the Shooter (level 5, -8/26 HPs)
             Began as a Spriggan Hunter on Feb 2, 2024.
             Mangled by a gnoll sergeant
             ... wielding a +0 spear
              (14 damage)
             ... on level 3 of the Dungeon.
             The game lasted 00:00:09 (1710 turns).

qw the Shooter (Spriggan Hunter)                    Turns: 1710, Time: 00:00:09

Health: -8/26      AC:  3    Str:  7    XL:     5   Next: 43%
Magic:  6/6        EV: 25    Int: 11    God:
Gold:   66         SH:  0    Dex: 20    Spells: 4/4 levels left

rFire   + . .        a - +0 shortbow
rCold   . . .        (shield currently unavailable)
rNeg    . . .        c - +0 robe
rPois   .            (helmet restricted)
rElec   .            g - +1 cloak
rCorr   .            (gloves unavailable)
SInv    +            (boots unavailable)
Will    .....        (no amulet)
Stlth   ++           n - +5 ring of evasion
HPRegen 0.24/turn    o - ring of protection from fire
MPRegen 0.10/turn

%: no passive effects
@: about to teleport, very quick
A: very small, no large weapons, unfitting armour, see invisible, speed 3, horns
1, deformed body
a: no special abilities


You were on level 3 of the Dungeon.
You visited 1 branch of the dungeon, and saw 3 of its levels.

You collected 66 gold pieces.


Innate Abilities, Weirdness & Mutations

You are very small and have problems with some larger weapons.
You are too small for most types of armour.
You have supernaturally acute eyesight. (SInv)
You cover ground extremely quickly. (Speed+++)
You have a pair of small horns on your head.
Armour fits poorly on your strangely shaped body.


   Skills:
 - Level 2.0 Fighting
 + Level 5.5 Ranged Weapons
 - Level 5.2 Dodging
 - Level 1.5 Stealth


You had 4 spell levels left.
You didn't know any spells.
Your spell library was empty.

Inventory:

Hand Weapons
 a - a +0 shortbow (weapon)
Armour
 c - a +0 robe (worn)
 g - a +1 cloak (worn)
Jewellery
 n - a +5 ring of evasion (left hand)
 o - a ring of protection from fire (right hand)
Scrolls
 e - a scroll of enchant weapon {unknown}
Potions
 d - a potion of mutation
 f - a potion of enlightenment {unknown}
 h - a potion of resistance
 k - a potion of curing {unknown}
 l - a potion of cancellation {unknown}
 m - a potion of attraction {unknown}

Dungeon Overview and Level Annotations

Branches:
Dungeon (3/15)

Altars:


Message History

You shoot an arrow. The arrow hits the gnoll.
The gnoll is moderately wounded.
The gnoll closely misses you. The gnoll hits you with a +0 flail.
The gnoll sergeant misses you.
A gnoll comes into view. It is wielding a +0 whip.
Enter note: You shoot an arrow.
The arrow hits the gnoll!
The gnoll is almost dead.
The gnoll sergeant misses you. The gnoll closely misses you.
The gnoll misses you.
You shoot an arrow. The arrow hits the gnoll.
You kill the gnoll!
The gnoll closely misses you.
The gnoll sergeant completely misses you.
You shoot an arrow.
The arrow hits the gnoll sergeant but does no damage.
The gnoll misses you.
The gnoll sergeant hits you from afar with a +0 spear!
The gnoll sergeant completely misses you.
The gnoll misses you.
A gnoll comes into view. It is wielding a +0 spear.
You shoot an arrow. The arrow hits the gnoll.
The gnoll is moderately wounded.
The gnoll sergeant misses you. The gnoll misses you.
The gnoll completely misses you.
You shoot an arrow. The arrow hits the gnoll.
The gnoll is heavily wounded.
The gnoll misses you.
The gnoll sergeant hits you from afar with a +0 spear.
The gnoll completely misses you.
1709 ||| READING scroll of teleportation.
As you read the scroll of teleportation, it crumbles to dust.
You feel strangely unstable. The gnoll sergeant closely misses you.
The gnoll misses you. The gnoll completely misses you. x2
You shoot an arrow. The arrow closely misses the gnoll.
The gnoll completely misses you. x2
The gnoll sergeant hits you from afar with a +0 spear!
Ouch! That really hurt!
You die...

#.#####.######
#......).....# #####
#######.####... ......
#......... .....#
######..####### ).....
##...##..# ###......
#........# #........
#.......## #.)g.....
#.....#########@)g.....
##.............g#g.....
##...########### .....
#..## .... ###. ..# .
.. . #


You could see a gnoll sergeant and 3 gnolls.

Vanquished Creatures
  Natasha (twice) (D:2)
  Terence (D:2)
  2 gnolls (D:3)
  4 adders
  4 dart slugs
  A ribbon worm (D:2)
  An orc (D:3)
  8 ball pythons
  3 endoplasms
  2 giant cockroaches (D:1)
  5 goblins
  4 hobgoblins
  4 quokkas
  5 bats (D:1)
  A frilled lizard (D:1)
  3 kobolds
  2 rats
52 creatures vanquished.

Notes
Turn   | Place    | Note
-------+----------+-------------------------------------------
     0 | D:1      | qw the Spriggan Hunter began the quest for the Orb.
     0 | D:1      | Reached XP level 1. HP: 10/10 MP: 2/2
     0 | D:1      | 0 ||| qw: Version: 0.3-a-155-g5e7d8dd
     0 | D:1      | 0 ||| qw: Game counter: 1724
     0 | D:1      | 0 ||| qw: Melee chars always use a shield: true
     0 | D:1      | 0 ||| qw: God list: Okawaru
     0 | D:1      | 0 ||| qw: Allow faded altars: false
     0 | D:1      | 0 ||| qw: Do Orc after clearing Dungeon:15 true
     0 | D:1      | 0 ||| qw: Do second Lair branch before Depths: true
     0 | D:1      | 0 ||| qw: Lair rune preference: random
     0 | D:1      | 0 ||| qw: Goals: Normal
     0 | D:1      | 0 ||| PLANNING D:1-11
    34 | D:1      | Reached skill level 3 in Dodging
   137 | D:1      | Reached XP level 2. HP: 14/14 MP: 3/3
   349 | D:1      | Reached XP level 3. HP: 18/18 MP: 4/4
   447 | D:1      | 447 ||| DROPPING ring of flight.
   448 | D:1      | 448 ||| UPGRADING to +5 ring of evasion.
   449 | D:1      | 449 ||| UPGRADING to ring of protection from fire.
   450 | D:1      | 450 ||| READING scroll labelled JIEQ EWIFEXE.
   484 | D:1      | 484 ||| READING scroll labelled QOYHEA YNELINO.
   485 | D:1      | 485 ||| READING 2 scrolls labelled KAFYCRA IWABO.
   485 | D:1      | 485 ||| IDENTIFYING coppery potion
   486 | D:1      | 486 ||| READING scroll of identify.
   486 | D:1      | 486 ||| IDENTIFYING yellow potion
   487 | D:1      | 487 ||| READING scroll labelled ZACIS OFURCH.
   490 | D:1      | 490 ||| DROPPING scroll of butterflies.
   491 | D:1      | 491 ||| DROPPING potion of berserk rage.
   511 | D:2      | 511 ||| STAIRDANCE
   724 | D:2      | Noticed Terence
   738 | D:2      | Killed Terence
   781 | D:2      | Reached XP level 4. HP: 20/22 MP: 5/5
  1323 | D:2      | Noticed Natasha
  1327 | D:2      | Killed Natasha
  1421 | D:2      | 1421 ||| UPGRADING to +0 cloak.
  1426 | D:2      | 1426 ||| READING scroll labelled LIUPSIGAYG.
  1427 | D:2      | 1427 ||| READING scroll labelled OFYVVOODWA.
  1428 | D:2      | 1428 ||| READING scroll labelled FEILYNY URIUCK.
  1428 | D:2      | 1428 ||| ENCHANTING +0 cloak.
  1429 | D:2      | 1429 ||| DRINKING 2 metallic pink potions.
  1429 | D:2      | Gained mutation: Armour fits poorly on your strangely
                  | shaped body. [potion of mutation]
  1429 | D:2      | Gained mutation: You have a pair of small horns on your
                  | head. [potion of mutation]
  1443 | D:2      | Noticed Natasha
  1452 | D:2      | Killed Natasha
  1453 | D:2      | Reached XP level 5. HP: 19/26 MP: 6/6
  1708 | D:3      | HP: 6/26 [gnoll sergeant/+0 spear (4)]
  1709 | D:3      | 1709 ||| READING scroll of teleportation.
  1710 | D:3      | Mangled by a gnoll sergeant

Levels and vault maps discovered:
D:1:      noname_arrival_rooms_in_the_neighbourhood, layout_rooms
D:2:      layout_basic, kennysheep_potato, uniq_natasha, uniq_terence
D:3:      layout_loops_ring, nicolae_overflow_ecumenical_swirl,
          shapermc_ecumenical_altar_venn, dk_noncrumbling_4, roderic_batcave,
          saegor_snake_ambush, uniq_grinder

Skill      XL: |  1  2  3  4 |
---------------+-------------+-----
Dodging        | 3 4 5 |  5.2
Ranged Weapons | 5 |  5.5
Fighting       | 2 |  2.0
Stealth        | |  1.5

Action                     |  1- 3 |  4- 6 || total
---------------------------+-------+-------++-------
   Fire: Shortbow          |   110 |   104 ||   214
    Use: Scroll            |     5 |     4 ||     9
         Potion            |       |     1 ||     1
 Armour: Robe              |     8 |    19 ||    27
  Dodge: Dodged            |    50 |   106 ||   156

Table legend:
 A = Non-vault XP
 B = Vault XP
 C = Vault XP percentage of total XP
 D = Non-vault monster count
 E = Vault monster count
 F = Vault count percentage of total count
                 A         B        C        D         E       F
            +---------+---------+-------+---------+---------+-------
      Total |     171 |     105 |  38.0 |      44 |       8 |  15.4
            +---------+---------+-------+---------+---------+-------
        D:1 |      51 |       0 |   0.0 |      26 |       0 |   0.0
        D:2 |      80 |      75 |  48.4 |      11 |       4 |  26.7
        D:3 |      40 |      30 |  42.9 |       7 |       4 |  36.4
            +---------+---------+-------+---------+---------+-------
